 Dungeon Crawl Stone Soup version 0.18-a0-1159-gf481d65 (webtiles) character file.

6228 Arkorax the Envoy of Void (level 10, -4/93 HPs)
             Began as a Mottled Draconian Abyssal Knight on Jan 24, 2016.
             Was a High Priest of Lugonu.
             Slain by a yak (17 damage)
             ... on level 9 of the Dungeon.
             The game lasted 00:19:02 (13286 turns).

Arkorax the Envoy of Void (DrAK)                   Turns: 13286, Time: 00:19:02

Health: -4/93      AC: 10    Str: 14    XL:     10   Next: 61%
Magic:  18/18      EV: 12    Int: 15    God:    Lugonu [*****.]
Gold:   520        SH:  0    Dex: 14    Spells: 0 memorised, 9 levels left

rFire  . . .     SeeInvis .     u - +1 trident
rCold  . . .     Gourm    .     (armour unavailable)
rNeg   . . .     Faith    .     (no shield)
rPois  .         Spirit   .     (helmet restricted)
rElec  .         Dismiss  .     (no cloak)
rCorr  .         Reflect  .     e - +1 pair of gloves "Ediulif" {Stlth+}
SustAt .         Harm     .     G - +0 pair of boots
MR     .....                    (no amulet)
Stlth  +++.......               (no ring)
                                x - ring "Qokennor" {+Fly Stlth+}

@: short of breath, not resistant to hostile enchantments, fairly stealthy
A: breathe sticky flame splash, unfitting armour, clever 1, cold-blooded, AC +7
a: Breathe Sticky Flame, Depart the Abyss, Bend Space, Banish, Corrupt, Enter
the Abyss, Renounce Religion, Evoke Flight


You were on level 9 of the Dungeon.
You worshipped Lugonu.
Lugonu was extremely pleased with you.
You were hungry.

You visited 1 branch of the dungeon, and saw 10 of its levels.
You visited the Abyss 1 time.

You collected 520 gold pieces.

Inventory:

Hand Weapons
 a - a +1 spear
 b - a +0 blowgun
 u - a +1 trident (weapon)
 w - a +0 longbow
Missiles
 n - 2 throwing nets (quivered)
 t - 34 poisoned needles
 y - 9 arrows
Armour
 e - the +1 pair of gloves "Ediulif" (worn) {Stlth+}
   (You found it on level 5 of the Dungeon)

   It makes you more stealthy.
 F - a +0 shield
 G - a +0 pair of boots (worn)
Jewellery
 d - a +2 ring of evasion
 x - the ring "Qokennor" (left hand) {+Fly Stlth+}
   (You found it on level 7 of the Dungeon)

   [ring of flight]

   It lets you fly.
   It makes you more stealthy.
Wands
 h - a wand of frost (44/48)
 B - a wand of disintegration (13/24)
Scrolls
 f - 2 scrolls of recharging
 g - a scroll of enchant armour
 i - 2 scrolls of fear
 k - 2 scrolls of noise
 l - 4 scrolls of identify
 o - a scroll of enchant weapon
 p - 2 scrolls of teleportation
 z - a scroll of blinking
Potions
 m - 2 potions of flight
 r - a potion of brilliance
 A - a potion of poison
Books
 v - a book of Beasts

   Spells                             Type                      Level
   a - Summon Butterflies             Summoning                    1
   b - Call Canine Familiar           Summoning                    3
   c - Summon Ice Beast               Ice/Summoning                4
   d - Summon Mana Viper              Hexes/Summoning              5
   e - Summon Hydra                   Summoning                    7
 E - a book of Envenomations

   Spells                             Type                      Level
   a - Spider Form                    Transmutation/Poison         3
   b - Olgreb's Toxic Radiance        Poison                       4
   c - Alistair's Intoxication        Transmutation/Poison         5
   d - Poisonous Cloud                Conjuration/Poison/Air       6
Comestibles
 c - a beef jerky
 j - 2 meat rations
 q - 2 royal jellies
 s - a slice of pizza
 C - 2 fruits
 D - a bread ration


   Skills:
 + Level 9.9 Fighting
 * Level 9.9 Polearms
 - Level 2.1 Dodging
 * Level 10.7 Invocations


You had 9 spell levels left.
You didn't know any spells.

Dungeon Overview and Level Annotations

Branches:
Dungeon (10/15)            Temple (0/1) D:7             Orc (0/2) D:9
   Lair: D:8-11

Altars:
Cheibriados
Gozag
Kikubaaqudgha
Nemelex Xobeh
Pakellas
Ru
Xom
Yredelemnul
Zin

Shops:
D:4 *

Annotations:
D:5 2 runed doors
D:10 Fannar
Abyss:1 Sigmund


Innate Abilities, Weirdness & Mutations

You can spit globs of burning liquid.
You can ignite nearby creatures when you spit burning liquid.
Your weird mottled scales are hard (AC +7).
Your body does not fit into most forms of armour.
You are cold-blooded and may be slowed by cold attacks.
Your mind is acute. (Int +2)


Message History

The yak burns!
The yak gores you.
* * * LOW HITPOINT WARNING * * *
The yak burns!
The yak burns!
The yak burns!
The yak burns!
The yak burns!
There is an open door here.
There is an open door here.
There is a stone staircase leading up here.
You have got your breath back.
There is an open door here.
Press: ? - help, Shift-Dir - straight line, f/p - yak
Aim: a yak (almost dead)
You spit a glob of burning liquid.
The splash of liquid fire hits the yak.
The yak appears unharmed.
The yak is almost dead.
The yak is covered in liquid flames!
You feel somewhat more hungry.
The yak burns!
The yak gores you!
You die...

........###........##.#........##
........'.#........##.#.[......#
........#.#........'..#........#
........#.').......####........#
###########........# ####'#####
#######'## ###.# #Y.# #...# #Y##
#.### #@# #.# #.# ##'########
#######.#### #....Y.....
#..........###...)......
#..........#.'..........
#.......[....#>.........
#..........###..........
#(.........# #..........
#..........# #..........


You could see 2 yaks.

Vanquished Creatures
  Grinder (D:6)
  A shadow (D:7)
  A yak (D:10)
  3 hippogriffs
  Edmund (D:4)
  Menkaure (D:7)
  3 ice beasts
  A sky beast (D:6)
  3 orc warriors
  A necrophage (D:8)
  An eye of draining (D:8)
  5 phantoms
  5 ogres
  3 centaurs
  A big kobold (D:7)
  3 giant frogs
  A wyvern skeleton (D:6)
  2 scorpions
  8 killer bees (D:7)
  9 crimson imps
  A centaur zombie (D:7)
  A giant frog zombie (D:4)
  2 gnoll shamans
  A jelly (D:5)
  12 orc wizards
  11 hounds
  A centaur skeleton (D:9)
  A giant frog skeleton (D:5)
  10 orc priests
  3 iguanas
  8 worker ants
  The ghost of FIQ the Ruffian, a weakling HOMo (D:3)
  A hound zombie (D:7)
  A worker ant zombie (D:7)
  15 gnolls
  11 adders
  2 shadow imps
  2 oozes
  2 adder skeletons
  4 worms (D:3)
  5 giant geckos
  72 orcs
  3 ball pythons
  8 bats
  5 giant cockroaches
  5 goblins
  9 hobgoblins
  14 jackals
  10 quokkas
  7 giant newts
  13 kobolds
  A quokka skeleton (D:5)
  A quokka zombie (D:6)
  9 rats
306 creatures vanquished.

Notes
Turn   | Place    | Note
--------------------------------------------------------------
     0 | Abyss:1  | Arkorax the Draconian Abyssal Knight began the quest for the Orb.
     0 | Abyss:1  | Reached XP level 1. HP: 19/19 MP: 2/2
    55 | Abyss:1  | Noticed a large abomination
    58 | Abyss:1  | Noticed a small abomination
    62 | Abyss:1  | Noticed a jelly
    63 | Abyss:1  | Noticed a worldbinder
    64 | D:1      | Escaped the Abyss
   151 | D:1      | Reached XP level 2. HP: 15/26 MP: 3/3
   378 | D:1      | Reached * piety under Lugonu
   753 | D:1      | Reached skill level 4 in Fighting
   782 | D:1      | Reached XP level 3. HP: 33/33 MP: 4/4
  1441 | D:2      | Reached ** piety under Lugonu
  1591 | D:2      | Reached XP level 4. HP: 36/40 MP: 6/6
  1869 | D:3      | Noticed FIQ's ghost (weakling HOMo)
  2450 | D:3      | Found a faded altar to an unknown god.
  2511 | D:3      | Found a sparkling altar of Nemelex Xobeh.
  2699 | D:3      | Reached XP level 5. HP: 47/47 MP: 7/7
  3026 | D:3      | Killed FIQ's ghost
  3443 | D:4      | Reached *** piety under Lugonu
  3450 | D:4      | Reached skill level 5 in Fighting
  3703 | D:4      | Found Zin's Purification Station.
  3705 | D:4      | Found a glowing silver altar of Zin.
  3763 | D:4      | Reached XP level 6. HP: 45/56 MP: 9/9
  3786 | D:4      | Found a glowing drain.
  4103 | D:4      | Noticed Edmund
  4149 | D:4      | Gained mutation: Your flesh is cold resistant. [potion of beneficial mutation]
  4150 | D:4      | Lost mutation: Your flesh is cold resistant. [potion of cure mutation]
  4160 | D:4      | Killed Edmund
  4217 | D:4      | Noticed Sigmund
  4376 | D:4      | Banished Sigmund
  4376 | D:4      | Reached skill level 5 in Invocations
  4376 | D:4      | Reached XP level 7. HP: 38/62 MP: 5/10
  4376 | D:4      | Your scales start taking on a weird mottled colour.
  4694 | D:4      | Reached skill level 6 in Fighting
  4803 | D:4      | Reached skill level 5 in Polearms
  5245 | D:5      | Entered Level 5 of the Dungeon
  5261 | D:5      | Found a runed door.
  5264 | D:5      | Got a pair of pitted gloves
  5270 | D:5      | Identified the +1 pair of gloves "Ediulif" {Stlth+} (You found it on level 5 of the Dungeon)
  5290 | D:5      | Found a runed door.
  6104 | D:5      | Reached XP level 8. HP: 59/71 MP: 12/12
  6234 | D:5      | Reached skill level 7 in Fighting
  6815 | D:6      | Reached **** piety under Lugonu
  7044 | D:6      | Found a snail-covered altar of Cheibriados.
  7044 | D:6      | Found a sacrificial altar of Ru.
  7119 | D:6      | Found a basalt altar of Yredelemnul.
  7266 | D:6      | Reached skill level 8 in Fighting
  7337 | D:6      | Found an ancient bone altar of Kikubaaqudgha.
  7338 | D:6      | Found an opulent altar of Gozag.
  7338 | D:6      | Found an oddly glowing altar of Pakellas.
  7894 | D:6      | Noticed Grinder
  7900 | D:6      | Paralysed by Grinder for 4 turns
  7909 | D:6      | Killed Grinder
  7909 | D:6      | Reached XP level 9. HP: 34/82 MP: 14/14
  8486 | D:7      | Noticed Menkaure
  8499 | D:7      | Killed Menkaure
  8695 | D:7      | Found a staircase to the Ecumenical Temple.
  9297 | D:7      | Got a smoking iron ring
  9299 | D:7      | Identified the ring "Qokennor" {+Fly Stlth+} (You found it on level 7 of the Dungeon)
  9351 | D:7      | Reached skill level 9 in Invocations
  9803 | D:7      | Reached ***** piety under Lugonu
 10607 | D:8      | Reached XP level 10. HP: 70/91 MP: 17/17
 10999 | D:8      | Reached skill level 10 in Invocations
 12167 | D:9      | Found a staircase to the Orcish Mines.
 12831 | D:9      | Gained mutation: Your mind is acute. (Int +2) [potion of beneficial mutation]
 13009 | D:10     | Entered Level 10 of the Dungeon
 13009 | D:10     | Found a shimmering altar of Xom.
 13016 | D:10     | Noticed Fannar
 13286 | D:9      | Slain by a yak

Vault maps used:
D:1:      lightli_molten_gateway
D:3:      lemuel_crystal_altar, first_bread, ecumenical_altar_2,
          hangedman_abyss_or_decor_stabs
D:4:      zin_purify, portal_sewer_entry_a, sigmund_edmund_badplayer
D:5:      lemuel_insect_pit
D:6:      grunt_temple_overflow_open, kennysheep_generic_room_14, uniq_grinder,
          uniq_edmund
D:7:      temple_hall, uniq_menkaure
D:9:      hiddenorc2_lemuel
D:10:     lair_0_dummy, basic_altar, uniq_fannar
Abyss:1:  hangedman_decor_points

Action                   |  1- 3 |  4- 6 |  7- 9 | 10-12 || total
-------------------------+-------+-------+-------+-------++-------
Melee: Spear             |   125 |   274 |       |       ||   399
       Trident           |       |    62 |   706 |   383 ||  1151
Invok: Depart the Abyss  |     1 |       |       |       ||     1
       Banish            |       |     1 |     1 |     2 ||     4
 Abil: Breathe Sticky Fl |       |       |    22 |     8 ||    30
  Use: Potion            |       |     5 |     4 |     2 ||    11
       Scroll            |       |       |    17 |       ||    17
 Stab: Sleeping          |     2 |     3 |    11 |     8 ||    24
       Distracted        |       |       |     5 |     2 ||     7
  Eat: Bread ration      |     1 |     2 |     3 |       ||     6
       Chunk             |     1 |     1 |     2 |     5 ||     9
       Beef jerky        |       |       |     2 |     2 ||     4
       Meat ration       |       |       |     1 |       ||     1
       Royal jelly       |       |       |       |     1 ||     1
